[Event "Titled Tuesday Blitz January 10 Late 2023"]
[White "Baskin, Robert"]
[Black "Deac, Bogdan-Daniel"]
[WhiteFideId "24662402"]
[BlackFideId "1226380"]
[WhiteElo "2442"]
[BlackElo "2700"]
[Result "0-1"]
[Round "03"]
[TimeControl "180+2"]
[Date "2023.01.10"]
[WhiteClock "0:00:02"]
[BlackClock "0:00:09"]

1. d4 Nf6 2. c4 e6 3. Nf3 b6 4. g3 Ba6 5. b3 c6 6. Bg2 d5 7. O-O Be7 8. Nc3 Nbd7 9. Bb2 b5 10. cxb5 cxb5 11. a4 b4 12. Na2 O-O 13. Nc1 Ne4 14. Nd3 Rc8 15. Rc1 Qa5 16. Re1 Rxc1 17. Qxc1 Rc8 18. Qa1 Nc3 19. Bf1 Bxd3 20. exd3 Bf6 21. Rc1 Rc6 22. Rc2 Qc7 23. Bxc3 Rxc3 24. Rxc3 bxc3 25. Qc1 Nb8 26. b4 Na6 27. b5 Nb4 28. a5 c2 29. Ne5 Bxe5 30. dxe5 Qxa5 31. Qb2 Qc7 32. Qxb4 c1=Q 33. h4 Q1c5 34. Qa4 h6 35. d4 Q5b6 36. Qb3 Qxd4 0-1


[Site "https://www.chess.com"]

[Event "Titled Tuesday Blitz January 10 Late 2023"]
[White "Caruana, Fabiano"]
[Black "Barria Zuniga, Daniel"]
[WhiteFideId "2020009"]
[BlackFideId "3400816"]
[WhiteElo "2764"]
[BlackElo "2341"]
[Result "1-0"]
[Round "03"]
[TimeControl "180+2"]
[Date "2023.01.10"]
[WhiteClock "0:01:59"]
[BlackClock "0:00:47"]

1. c4 Nf6 2. d4 e6 3. g4 Nxg4 4. e4 Qh4 5. Qe2 Nc6 6. Nf3 Qh5 7. Nc3 Bb4 8. Bd2 d6 9. O-O-O O-O 10. h3 Nf6 11. Rg1 h6 12. Qe3 Bxc3 13. bxc3 Kh8 14. Be2 Qa5 15. Rxg7 Kxg7 16. Qxh6+ 1-0


[Site "https://www.chess.com"]

[Event "Titled Tuesday Blitz January 10 Late 2023"]
[White "Vlassov, Nikolai"]
[Black "Xiong, Jeffery"]
[WhiteFideId "4103360"]
[BlackFideId "2047640"]
[WhiteElo "2283"]
[BlackElo "2692"]
[Result "0-1"]
[Round "03"]
[TimeControl "180+2"]
[Date "2023.01.10"]
[WhiteClock "0:00:11"]
[BlackClock "0:00:56"]

1. e4 c5 2. c3 e6 3. d4 cxd4 4. cxd4 d5 5. e5 Nc6 6. Nc3 Nge7 7. Nf3 Nf5 8. Be3 Qb6 9. Qd2 Bd7 10. Bd3 Nfxd4 11. Nxd4 Nxd4 12. O-O Bc5 13. Rac1 Rc8 14. Rfd1 O-O 15. Bxd4 Bxd4 16. Bxh7+ Kxh7 17. Qxd4 Qxb2 18. Qd3+ Kg8 19. Rc2 Qa3 20. h4 Rfd8 21. h5 Ba4 22. Nxd5 Qxd3 23. Rxd3 Bxc2 0-1


[Site "https://www.chess.com"]

[Event "Titled Tuesday Blitz January 10 Late 2023"]
[White "Sokolovsky, Yahli"]
[Black "Oparin, Grigoriy"]
[WhiteFideId "2820242"]
[BlackFideId "24125890"]
[WhiteElo "2461"]
[BlackElo "2667"]
[Result "1-0"]
[Round "03"]
[TimeControl "180+2"]
[Date "2023.01.10"]
[WhiteClock "0:00:03"]
[BlackClock "0:00:05"]

1. b3 e5 2. Bb2 Nc6 3. e3 Nf6 4. Nf3 e4 5. Nd4 Bc5 6. Nxc6 dxc6 7. d4 exd3 8. Bxd3 Bg4 9. Qd2 Qe7 10. Nc3 O-O-O 11. h3 Bh5 12. g4 Bg6 13. O-O-O Ne4 14. Qe2 Nxf2 15. Bxg6 hxg6 16. Rxd8+ Rxd8 17. Rf1 Qxe3+ 18. Qxe3 Bxe3+ 19. Kb1 f6 20. Bc1 Bxc1 21. Rxf2 Ba3 22. Rf1 Re8 23. Rh1 f5 24. Ka1 f4 25. g5 f3 26. Rf1 Re3 27. Nd1 Re2 28. Kb1 Rd2 29. Nf2 Be7 30. h4 Ba3 31. Nd3 Rh2 32. c4 Rxh4 33. Rxf3 Rg4 34. b4 a5 35. Nc5 Kb8 36. Rxa3 axb4 37. Rb3 Rxc4 38. Nd3 c5 39. Ne5 Rf4 40. Nd7+ Ka7 41. Nxc5 Rg4 42. Ne6 c6 43. Re3 Kb6 44. Re5 Rg2 45. Nxg7 c5 46. Ne6 c4 47. Nd4 Ka6 48. Rb5 Rg4 49. Rd5 Rg1+ 50. Kb2 Rg2+ 51. Nc2 b5 52. Rd6+ Ka5 53. Rxg6 Rg1 54. Nd4 Rg2+ 55. Kb1 Rg1+ 56. Kc2 Rg2+ 57. Kc1 Rxa2 58. Rg8 Rg2 59. g6 b3 60. Nc6+ Kb6 61. g7 Kc5 62. Kd1 c3 63. Rc8 Rf2 64. g8=Q b2 65. Ne5+ Kd4 66. Qd8+ Ke4 67. Qd3+ Kf4 68. Rf8+ Kxe5 69. Rxf2 b4 70. Kc2 b3+ 71. Kb1 1-0


[Site "https://www.chess.com"]

[Event "Titled Tuesday Blitz January 10 Late 2023"]
[White "Kamsky, Gata"]
[Black "Jaferian, Koosha"]
[WhiteFideId "2000024"]
[BlackFideId "12507440"]
[WhiteElo "2665"]
[BlackElo "2233"]
[Result "1-0"]
[Round "03"]
[TimeControl "180+2"]
[Date "2023.01.10"]
[WhiteClock "0:00:22"]
[BlackClock "0:00:07"]

1. e4 c6 2. d4 d5 3. exd5 cxd5 4. Bd3 Nc6 5. c3 Qc7 6. Ne2 Bg4 7. O-O e6 8. Qe1 Nf6 9. f3 Bh5 10. Qh4 Rg8 11. Bg5 Bg6 12. Bxg6 hxg6 13. Nd2 Be7 14. a4 O-O-O 15. h3 Rh8 16. Qg3 Bd6 17. Qf2 Rde8 18. Rfe1 Ne7 19. c4 dxc4 20. Nxc4 Ned5 21. Nxd6+ Qxd6 22. Nc3 Kb8 23. Nb5 Qd7 24. Qg3+ Ka8 25. Rec1 Rc8 26. Qd6 Qxd6 27. Nxd6 Rcf8 28. Rc4 Nd7 29. a5 f6 30. Bd2 a6 31. b4 Rd8 32. b5 axb5 33. Nxb5 Nb8 34. Be1 Na6 35. Bg3 Rc8 36. Rac1 Rxc4 37. Rxc4 Rd8 38. Nd6 Nab4 39. h4 Nc6 40. a6 Na5 41. axb7+ Ka7 42. Ra4 Ka6 43. Rxa5+ Kxa5 44. Nc8 Rxc8 1-0


[Site "https://www.chess.com"]

[Event "Titled Tuesday Blitz January 10 Late 2023"]
[White "Remizov, Yaroslav"]
[Black "Kim, Yoon-Young"]
[WhiteFideId "34134015"]
[BlackFideId "30908779"]
[WhiteElo "2421"]
[BlackElo "2304"]
[Result "1-0"]
[Round "03"]
[TimeControl "180+2"]
[Date "2023.01.10"]
[WhiteClock "0:00:14"]
[BlackClock "0:00:02"]

1. d4 d5 2. Nf3 Nf6 3. g3 b5 4. Bg2 e6 5. O-O Bb7 6. b3 Nbd7 7. Bb2 Be7 8. e3 O-O 9. Qe2 b4 10. Rd1 c5 11. dxc5 Nxc5 12. Nbd2 a5 13. Rac1 Ba6 14. Qe1 Qb6 15. Ne5 Rac8 16. f4 Rfd8 17. g4 Nfe4 18. Bd4 Qc7 19. Nxe4 Nxe4 20. Bxe4 dxe4 21. c4 f6 22. Qg3 fxe5 23. Bxe5 Rxd1+ 24. Rxd1 Qc6 25. f5 Rd8 26. Rf1 Rf8 27. Bd4 Qd6 28. Be5 Qd3 29. Bd4 Bc8 30. g5 exf5 31. Qe5 Rf7 32. Qb8 Bf8 33. Qxc8 f4 34. Qe6 f3 35. c5 Qe2 36. Rf2 Qe1+ 37. Rf1 Qh4 38. Rf2 Qxg5+ 39. Kf1 Qh4 40. c6 Qg5 41. c7 Qb5+ 42. Ke1 Qd3 43. c8=Q Qb1+ 44. Kd2 1-0


[Site "https://www.chess.com"]

[Event "Titled Tuesday Blitz January 10 Late 2023"]
[White "Sourath Biswas"]
[Black "Holt, Conrad"]
[WhiteFideId "35091484"]
[BlackFideId "2034387"]
[WhiteElo "2281"]
[BlackElo "2540"]
[Result "1-0"]
[Round "03"]
[TimeControl "180+2"]
[Date "2023.01.10"]
[WhiteClock "0:00:16"]
[BlackClock "0:00:36"]

1. d4 d5 2. Bf4 c5 3. e3 Nc6 4. Nf3 Nf6 5. Nbd2 e6 6. c3 Bd6 7. Bg3 O-O 8. Bd3 c4 9. Bc2 b5 10. e4 dxe4 11. Nxe4 Be7 12. Qe2 Bb7 13. O-O a6 14. Ne5 Nxe5 15. Bxe5 Nxe4 16. Bxe4 Bxe4 17. Qxe4 Qd5 18. Qg4 f6 19. Bf4 Qf5 20. Qxf5 exf5 21. Rfe1 Kf7 22. a4 g5 23. Bc7 Rfc8 24. Bb6 Rab8 25. a5 Bd6 26. g3 h5 27. Rad1 h4 28. d5 h3 29. Re6 Be5 30. Rc6 Rxc6 31. dxc6 Rc8 32. c7 g4 33. Rd8 1-0


[Site "https://www.chess.com"]

[Event "Titled Tuesday Blitz January 10 Late 2023"]
[White "Saveliev, Alexei"]
[Black "Gorodetzky, David"]
[WhiteFideId "24128546"]
[BlackFideId "2813416"]
[WhiteElo "2385"]
[BlackElo "2485"]
[Result "0-1"]
[Round "03"]
[TimeControl "180+2"]
[Date "2023.01.10"]
[WhiteClock "0:01:10"]
[BlackClock "0:00:24"]

1. c4 a6 2. Nc3 e6 3. d4 d5 4. cxd5 exd5 5. Nf3 Nf6 6. Bg5 c6 7. Qc2 Nbd7 8. e3 Be7 9. Bd3 O-O 10. O-O h6 11. Bh4 Ne8 12. Bg3 Bd6 13. Rab1 Bxg3 14. hxg3 Nd6 15. b4 Qe7 16. a4 Nb6 17. b5 axb5 18. axb5 Nbc4 19. bxc6 bxc6 20. Ra1 Rb8 21. Rfb1 Bg4 22. e4 Rxb1+ 23. Rxb1 Na3 24. Qb2 Nxb1 25. Qxb1 dxe4 26. Nxe4 Nxe4 27. Bxe4 Qd6 28. Ne5 Be6 29. Nxc6 Rc8 30. Qb7 Re8 31. Bf3 Kh8 32. Qb5 Bd7 33. d5 h5 34. Qc4 g6 35. Qd4+ Kg8 36. Qc4 Qf6 37. Qb4 Qa1+ 38. Kh2 Re1 39. g4 Rh1+ 40. Kg3 h4+ 41. Kf4 Qf6+ 42. Ke3 Qg5+ 43. Ke2 Qc1 44. Nd4 Rd1 45. Nb3 Qc2+ 46. Nd2 Bb5+ 47. Ke3 Qd3+ 48. Kf4 Qxd2+ 0-1


[Site "https://www.chess.com"]

[Event "Titled Tuesday Blitz January 10 Late 2023"]
[White "Kuznetsov, Felix"]
[Black "Klose, Eli"]
[WhiteFideId "34147990"]
[BlackFideId "16242955"]
[WhiteElo "2254"]
[BlackElo "1519"]
[Result "1-0"]
[Round "03"]
[TimeControl "180+2"]
[Date "2023.01.10"]
[WhiteClock "0:00:19"]
[BlackClock "0:00:06"]

1. e4 e6 2. d4 d5 3. Nd2 Be7 4. e5 c5 5. c3 Nc6 6. Bd3 cxd4 7. cxd4 Qb6 8. Ndf3 Bd7 9. Ne2 Nb4 10. Bb1 Bb5 11. O-O Qa6 12. Re1 Nd3 13. Bxd3 Bxd3 14. Nc3 Bf5 15. a4 Qb6 16. a5 Qd8 17. Qa4+ Qd7 18. Nb5 Rc8 19. Nxa7 Qxa4 20. Rxa4 Ra8 21. Nb5 Bc2 22. Ra1 Kd7 23. Bd2 Bd3 24. Na3 Bxa3 25. Rxa3 Ba6 26. Rc1 Ne7 27. Ng5 Nc6 28. Rf3 Raf8 29. Bc3 f6 30. exf6 gxf6 31. Nh3 e5 32. dxe5 fxe5 33. Rg3 Rhg8 34. Ng5 h6 35. Nh7 Rxg3 36. Nxf8+ Ke8 37. hxg3 Kxf8 38. Re1 d4 39. Bd2 Kg7 40. f4 Kf6 41. fxe5+ Nxe5 42. Bxh6 Nd3 43. Rd1 Ke5 44. Bg7+ Ke4 45. Rd2 Ke3 46. Bh6+ Ke4 47. g4 Nc5 48. g5 Nb3 49. Rf2 d3 50. g6 Bc4 51. g7 Nd4 52. Rf8 Ne2+ 53. Kf2 Nd4 54. g8=Q Bxg8 55. Rxg8 Nf5 56. Bd2 Kd4 57. Rg4+ Kc5 58. Rg5 Kc4 59. Rxf5 Kb3 60. Rc5 1-0


[Site "https://www.chess.com"]

[Event "Titled Tuesday Blitz January 10 Late 2023"]
[White "Adewumi, Tanitoluwa"]
[Black "Timmermans, Mark"]
[WhiteFideId "30966396"]
[BlackFideId "1026399"]
[WhiteElo "2283"]
[BlackElo "2392"]
[Result "0-1"]
[Round "03"]
[TimeControl "180+2"]
[Date "2023.01.10"]
[WhiteClock "0:00:01"]
[BlackClock "0:00:48"]

1. e4 e5 2. Nf3 Nc6 3. Nc3 Nf6 4. Bb5 Nd4 5. O-O Nxb5 6. Nxb5 c6 7. Nc3 d6 8. d4 Qc7 9. h3 Be7 10. Be3 O-O 11. a4 h6 12. Re1 Nh7 13. Qd3 Be6 14. a5 a6 15. d5 Bd7 16. Bb6 Qc8 17. dxc6 bxc6 18. Rad1 f5 19. Nxe5 fxe4 20. Nxe4 Bf5 21. Qb3+ d5 22. Ng3 Bh4 23. Nxf5 Qxf5 24. Nxc6 Bxf2+ 25. Bxf2 Qxf2+ 26. Kh1 Kh8 27. Ne5 Qf5 28. Qxd5 Rae8 29. c3 Ng5 30. g4 Qf6 31. Rf1 Qxf1+ 32. Rxf1 Rxf1+ 33. Kg2 Re1 34. Ng6+ Kh7 35. Nf4 Rf8 36. Qd3+ Ne4 37. Kf3 Rf1+ 38. Qxf1 Nd2+ 39. Ke2 Nxf1 40. Nd5 Ng3+ 41. Ke3 Re8+ 42. Kd4 Ne2+ 43. Kc5 Rc8+ 44. Kb6 Rb8+ 45. Kxa6 Rxb2 46. Ka7 Rb5 47. Nb4 Rxa5+ 48. Kb6 0-1


[Site "https://www.chess.com"]

[Event "Titled Tuesday Blitz January 10 Late 2023"]
[White "Rustemov, Alexander"]
[Black "Yang, Kevin"]
[WhiteFideId "4119002"]
[BlackFideId "30908485"]
[WhiteElo "2525"]
[BlackElo "2096"]
[Result "1-0"]
[Round "03"]
[TimeControl "180+2"]
[Date "2023.01.10"]
[WhiteClock "0:00:30"]
[BlackClock "0:00:02"]

1. d4 Nf6 2. c4 e6 3. Nf3 c5 4. d5 b5 5. Bg5 b4 6. e4 d6 7. Bd3 Be7 8. Bf4 e5 9. Be3 O-O 10. h3 a5 11. Nbd2 a4 12. g4 Ne8 13. Nf1 g6 14. Ng3 Ng7 15. Rg1 Nd7 16. Bh6 Nb6 17. Qe2 Kh8 18. Kf1 f6 19. Kg2 Rf7 20. Kh2 Bd7 21. Rg2 Bc8 22. Rag1 Bd7 23. Be3 Qf8 24. Nd2 Qc8 25. f4 Qd8 26. f5 g5 27. h4 gxh4 28. Nh1 Qc7 29. Bh6 Rg8 30. Qf2 Bf8 31. Qxh4 Ne8 32. Be3 Qd8 33. Nf3 Bc8 34. Rg3 b3 35. a3 Ba6 36. Nd2 Rfg7 37. Rh3 Rf7 38. Ng3 Rg5 39. Nh5 Be7 40. Bxg5 fxg5 41. Qf2 Nf6 42. Kg3 Nbd7 43. Rgh1 Qg8 44. Qh2 Nf8 45. Nxf6 Bxf6 46. Rh6 Bc8 47. Nf3 Be7 48. Qh5 Bf6 49. Rxf6 Rxf6 50. Qxg5 Qxg5 51. Nxg5 Kg7 52. Ne6+ Bxe6 53. dxe6 h6 54. g5 hxg5 55. Rh5 Nh7 56. Rxh7+ Kxh7 57. e7 1-0


[Site "https://www.chess.com"]

[Event "Titled Tuesday Blitz January 10 Late 2023"]
[White "Fernandez Garcia, Gumersindo"]
[Black "Tristan, Leonardo"]
[WhiteFideId "24516740"]
[BlackFideId "113816"]
[WhiteElo "2160"]
[BlackElo "2545"]
[Result "1/2-1/2"]
[Round "03"]
[TimeControl "180+2"]
[Date "2023.01.10"]
[WhiteClock "0:00:22"]
[BlackClock "0:00:04"]

1. e4 d5 2. exd5 Qxd5 3. Nc3 Qa5 4. Nf3 Nf6 5. h3 Bf5 6. Bc4 e6 7. O-O Be7 8. d3 c6 9. Bd2 Qc7 10. Qe2 h6 11. Ne4 Nbd7 12. Bb3 O-O 13. Nxf6+ Nxf6 14. Bc3 a5 15. a3 a4 16. Ba2 Bh7 17. Be5 Qd8 18. Rfe1 Ra5 19. Bc3 Ra8 20. Ne5 Nd5 21. Bxd5 Qxd5 22. Qg4 Bf6 23. Re3 Bf5 24. Qc4 Qxc4 25. Nxc4 Bxc3 26. bxc3 b5 27. Ne5 Rac8 28. Rb1 Rfd8 29. c4 f6 30. Nf3 bxc4 31. g4 Bg6 32. Nh4 Bh7 33. Rxe6 cxd3 34. cxd3 Bxd3 35. Rb7 Re8 36. Rd6 Rcd8 37. Rbd7 Rxd7 38. Rxd7 Re1+ 39. Kh2 Be4 40. Rd4 Bd5 41. Nf5 Rh1+ 42. Kg3 Rg1+ 43. Kf4 g5+ 44. Ke3 Re1+ 45. Kd2 Rh1 46. Rxa4 Rxh3 47. Ne3 Rf3 48. Nxd5 cxd5 49. Ke2 Rb3 50. Ra7 Kf8 51. f3 d4 52. a4 Ra3 53. a5 Kg8 54. a6 Kh8 55. Kf2 Kg8 56. Ke2 Kh8 57. Kf2 Kg8 58. Ke2 1/2-1/2


[Site "https://www.chess.com"]

[Event "Titled Tuesday Blitz January 10 Late 2023"]
[White "Papasimakopoulos, Alexandros"]
[Black "Jodorcovsky Werjivker, Paulo"]
[WhiteFideId "4244125"]
[BlackFideId "3700305"]
[WhiteElo "2401"]
[BlackElo "2182"]
[Result "1-0"]
[Round "03"]
[TimeControl "180+2"]
[Date "2023.01.10"]
[WhiteClock "0:01:03"]
[BlackClock "0:00:03"]

1. d4 f5 2. e4 fxe4 3. Nc3 Nf6 4. Bg5 Nc6 5. d5 Ne5 6. Qd4 Nf7 7. h4 e5 8. dxe6 dxe6 9. Qxd8+ Nxd8 10. O-O-O Nf7 11. Nge2 Bd7 12. Ng3 Be7 13. Ngxe4 Nxe4 14. Nxe4 Nxg5 15. Nxg5 h6 16. Nf3 Bf6 17. Bc4 O-O-O 18. Rhe1 Rhe8 19. Ne5 Ba4 20. Rxd8+ Kxd8 21. g3 Ke7 22. f4 a6 23. Ng6+ Kd6 24. Ne5 Bc6 25. g4 Bd5 26. Bd3 Bxe5 27. fxe5+ Ke7 28. Rf1 Rf8 29. Rxf8 Kxf8 30. g5 Bg2 31. Kd2 hxg5 32. hxg5 Kf7 33. Ke3 Bh3 34. c3 Bf5 35. Be2 Kg6 36. Kf4 Bb1 37. a3 b5 38. b4 Bc2 39. Bf3 Bd3 40. Bb7 Bc4 41. Bxa6 c6 42. a4 Bd3 43. a5 Bc4 44. Bb7 Bd5 45. a6 1-0


[Site "https://www.chess.com"]

[Event "Titled Tuesday Blitz January 10 Late 2023"]
[White "Carbone, Diego"]
[Black "Sarana, Alexey"]
[WhiteFideId "3002179"]
[BlackFideId "24133795"]
[WhiteElo "2336"]
[BlackElo "2685"]
[Result "0-1"]
[Round "03"]
[TimeControl "180+2"]
[Date "2023.01.10"]
[WhiteClock "0:00:05"]
[BlackClock "0:00:38"]

1. d4 Nf6 2. c4 e6 3. g3 Bb4+ 4. Bd2 Be7 5. Bg2 d5 6. Nf3 c6 7. Qc2 Nbd7 8. O-O O-O 9. Bf4 h6 10. Rd1 a5 11. Nc3 dxc4 12. Ne5 Nxe5 13. dxe5 Nd5 14. Ne4 b5 15. b3 Ba6 16. bxc4 bxc4 17. Nd6 Qb6 18. Nxc4 Qc5 19. Rac1 Nb4 20. Qe4 Nxa2 21. Be3 Qb4 22. Bd2 Qa4 23. Rc2 Nb4 24. Bxb4 Qxb4 25. Rdc1 Rfd8 26. Qxc6 Bb5 27. Qxa8 Rxa8 28. Bxa8 a4 29. Bf3 g6 30. Nd6 Bxd6 31. exd6 Qxd6 32. Bc6 Bxc6 33. Rxc6 Qa3 34. R1c2 h5 35. h4 Qb3 36. f3 a3 37. Rc8+ Kg7 38. R8c3 Qb1+ 39. Rc1 a2 40. Rxb1 axb1=Q+ 41. Kg2 Qe1 42. Re3 Qd2 43. Kf2 Qd4 44. f4 f6 45. Kf3 Kf7 46. Rd3 Qc5 47. Rd7+ Ke8 48. Rd3 Qf5 49. Re3 Qh3 50. Kf2 Ke7 51. Rd3 Qh2+ 52. Kf3 Qg1 53. Re3 Qf1+ 54. Ke4 f5+ 55. Kd3 Qd1+ 56. Kc3 Kf6 0-1


[Site "https://www.chess.com"]

[Event "Titled Tuesday Blitz January 10 Late 2023"]
[White "Al-Tarboush, Ward"]
[Black "Keymer, Vincent"]
[WhiteFideId "7601450"]
[BlackFideId "12940690"]
[WhiteElo "2256"]
[BlackElo "2700"]
[Result "0-1"]
[Round "03"]
[TimeControl "180+2"]
[Date "2023.01.10"]
[WhiteClock "0:00:51"]
[BlackClock "0:01:51"]

1. e4 c6 2. Nf3 d5 3. Nc3 dxe4 4. Nxe4 Nf6 5. Nxf6+ exf6 6. Bc4 Qe7+ 7. Be2 Qc7 8. O-O Bd6 9. Re1 O-O 10. h3 c5 11. Bd3 Nc6 12. b3 Nb4 13. Bf1 Bf5 14. d3 Rfe8 15. Rxe8+ Rxe8 16. Bb2 Nd5 17. Nh4 Be6 18. Qf3 Be5 19. Bxe5 Qxe5 20. Rc1 g5 21. c4 Ne7 22. Qxb7 gxh4 23. Qxa7 Nc6 24. Qb6 Nd4 25. b4 cxb4 26. Qxb4 Bxh3 27. gxh3 Qg5+ 28. Kh1 Qxc1 0-1


[Site "https://www.chess.com"]

[Event "Titled Tuesday Blitz January 10 Late 2023"]
[White "Aguilar, Juan"]
[Black "Mosadeghpour, Masoud"]
[WhiteFideId "3800091"]
[BlackFideId "12519278"]
[WhiteElo "2254"]
[BlackElo "2472"]
[Result "0-1"]
[Round "03"]
[TimeControl "180+2"]
[Date "2023.01.10"]
[WhiteClock "0:00:08"]
[BlackClock "0:02:12"]

1. g3 Nf6 2. Bg2 d5 3. d3 g6 4. Nf3 Bg7 5. O-O O-O 6. c3 c5 7. Qa4 Nc6 8. Qh4 e5 9. Bh6 Ng4 10. Bxg7 Kxg7 11. Qxd8 Rxd8 12. Nbd2 Be6 13. Ng5 h6 14. Nxe6+ fxe6 15. a4 Nf6 16. Rfb1 Rd7 17. a5 Rc7 18. a6 b6 19. b4 cxb4 20. cxb4 Rac8 21. Bh3 Kf7 22. e3 Nb8 23. Nf3 Nbd7 24. Bf1 Rc2 25. h3 g5 26. Ne1 R2c3 27. Be2 Ke7 28. Nf3 Ne8 29. Kf1 Nd6 30. Ke1 Kf6 31. Kd1 Nb8 32. d4 Nd7 33. Rc1 Ne4 34. Rxc3 Nxc3+ 35. Ke1 e4 36. Nd2 Nxe2 37. Kxe2 e5 38. Nb3 Rc4 39. dxe5+ Nxe5 40. b5 Rc2+ 41. Kd1 Rxf2 42. Nd4 Rf1+ 0-1


[Site "https://www.chess.com"]

[Event "Titled Tuesday Blitz January 10 Late 2023"]
[White "Kleiman, Jake"]
[Black "Melkumyan, Hrant"]
[WhiteFideId "2020041"]
[BlackFideId "13302485"]
[WhiteElo "2399"]
[BlackElo "2645"]
[Result "0-1"]
[Round "03"]
[TimeControl "180+2"]
[Date "2023.01.10"]
[WhiteClock "0:00:07"]
[BlackClock "0:00:44"]

1. e4 c6 2. Nc3 d5 3. Nf3 dxe4 4. Nxe4 Nf6 5. Qe2 Bf5 6. d3 e6 7. g3 Nbd7 8. Bg2 Be7 9. O-O O-O 10. Re1 a5 11. a4 Nd5 12. Bd2 h6 13. h3 Qb6 14. Rab1 Rfd8 15. Kh1 Nc5 16. b3 Qc7 17. Rbd1 b5 18. Nxc5 Bxc5 19. Ra1 Qb6 20. Kg1 Nb4 21. Bc3 Rac8 22. Ne5 Nd5 23. Bd2 Bd4 24. Rab1 Nb4 25. Bf4 Qc5 26. Rec1 Na2 27. c3 Nxc1 28. Rxc1 Bxe5 29. Bxe5 Bxd3 30. Qe1 bxa4 31. Bd4 Rxd4 32. cxd4 Qxd4 33. bxa4 Qxa4 34. Qc3 Bb5 35. Qe5 Qb4 36. Rd1 a4 37. Be4 a3 38. Rd7 Rf8 39. Ra7 Qb2 40. Qf4 a2 41. Rxf7 a1=Q+ 42. Kh2 Rxf7 43. Qb8+ Rf8 0-1


[Site "https://www.chess.com"]

[Event "Titled Tuesday Blitz January 10 Late 2023"]
[White "Galperin, Platon"]
[Black "Krallis, Christos"]
[WhiteFideId "14165414"]
[BlackFideId "4298896"]
[WhiteElo "2528"]
[BlackElo "2344"]
[Result "1/2-1/2"]
[Round "03"]
[TimeControl "180+2"]
[Date "2023.01.10"]
[WhiteClock "0:00:33"]
[BlackClock "0:00:15"]

1. b3 c5 2. Bb2 Nc6 3. e4 d6 4. Bb5 Bd7 5. Nc3 Nd4 6. Bc4 e6 7. Nge2 Nf6 8. O-O Be7 9. a4 O-O 10. d3 d5 11. exd5 exd5 12. Nxd5 Nxd5 13. Nxd4 Nb6 14. Nf3 Nxc4 15. bxc4 Bf6 16. Qc1 Bc6 17. Ne5 Bxe5 18. Bxe5 Qd7 19. Re1 Rae8 20. Qf4 f6 21. Bd6 Rxe1+ 22. Rxe1 Re8 23. Re3 Rxe3 24. fxe3 Bxa4 25. Bxc5 Bxc2 26. d4 b6 27. Ba3 Bb3 28. d5 Qc8 29. d6 Ba4 30. c5 Bd7 31. Qc4+ Be6 32. Qe4 bxc5 33. Bxc5 Kf7 34. Bxa7 Qc1+ 35. Kf2 Qd2+ 36. Kf1 Qd1+ 37. Kf2 Qd2+ 38. Kf1 Qxd6 39. Qb7+ Kg6 40. Qe4+ Bf5 41. Qf4 Qxf4+ 42. exf4 Be4 43. Kf2 Kf5 44. g3 g5 45. Bb8 g4 46. Ke3 Bg2 47. Bc7 Kg6 48. Bd8 f5 49. Kd4 Ba8 50. Ke5 Bg2 51. Kd6 Bh3 52. Kc7 Bg2 53. Kb6 Bh3 54. Kc5 Bg2 55. Kd4 Be4 56. Kc5 Kf7 57. Kb6 Ke6 58. Kc5 Kd7 59. Ba5 Ke6 60. Kd4 Kf7 61. Bc3 Kg6 62. Ke5 h5 63. Be1 Ba8 64. Ke6 Bg2 65. Ke7 Bf3 66. Kf8 Be2 67. Kg8 Bc4+ 68. Kf8 Bd5 69. Ke7 Ba2 70. Kd6 Bb3 71. Ke5 Bd1 72. Kd4 Bf3 73. Ke3 Be4 74. Kf2 Kf7 75. Kg1 Ke6 76. h4 gxh3 77. Kh2 Bg2 78. Ba5 Kd5 79. Bd8 Ke4 80. Bh4 Kf3 81. Bg5 Kg4 82. Bh4 Bf3 83. Bg5 Bc6 84. Bh4 Be8 85. Bg5 Bf7 86. Bh4 Be8 87. Bg5 Bf7 88. Bh4 Be8 1/2-1/2


[Site "https://www.chess.com"]

[Event "Titled Tuesday Blitz January 10 Late 2023"]
[White "Svane, Frederik"]
[Black "Martynov, Pavel"]
[WhiteFideId "12923044"]
[BlackFideId "4101260"]
[WhiteElo "2600"]
[BlackElo "2414"]
[Result "1-0"]
[Round "03"]
[TimeControl "180+2"]
[Date "2023.01.10"]
[WhiteClock "0:00:06"]
[BlackClock "0:00:04"]

1. c4 e6 2. g3 d5 3. Bg2 Nf6 4. Nf3 c5 5. O-O Nc6 6. cxd5 exd5 7. d4 Be7 8. dxc5 Bxc5 9. Nbd2 O-O 10. Nb3 Be7 11. Be3 h6 12. Rc1 Re8 13. Bc5 Bxc5 14. Nxc5 Qb6 15. Nb3 Bg4 16. Re1 a5 17. Nbd4 Bxf3 18. Nxf3 Qxb2 19. Rc2 Qa3 20. Qd2 Rad8 21. Rc3 Qa4 22. Rb3 Re7 23. Qb2 Rb8 24. Rc1 Rbe8 25. e3 d4 26. Nxd4 Nxd4 27. Qxd4 Qxa2 28. Rxb7 Rxb7 29. Bxb7 a4 30. Ra1 Qb3 31. Bc6 Rc8 32. Bxa4 Qe6 33. Bd1 Qe4 34. Qxe4 Nxe4 35. Bf3 Ng5 36. Bd1 Ne4 37. h4 Nc3 38. Bf3 Nb5 39. Kg2 Nd6 40. Ra5 g6 41. Bd5 Rc7 42. Ra6 Rd7 43. Bc6 Rd8 44. Ra7 Kg7 45. Bd5 h5 46. e4 Rf8 47. Rd7 Nb5 48. e5 Nd4 49. Bxf7 Rxf7 50. Rxd4 Re7 51. f4 Kf7 52. Kf3 Ke6 53. Rd6+ Kf7 54. Ke4 Kg7 55. f5 Ra7 56. Rxg6+ 1-0


[Site "https://www.chess.com"]

[Event "Titled Tuesday Blitz January 10 Late 2023"]
[White "Movahed, Sina"]
[Black "Gavilan Diaz, Mario"]
[WhiteFideId "42520835"]
[BlackFideId "2260905"]
[WhiteElo "2340"]
[BlackElo "2271"]
[Result "1/2-1/2"]
[Round "03"]
[TimeControl "180+2"]
[Date "2023.01.10"]
[WhiteClock "0:00:45"]
[BlackClock "0:00:29"]

1. e4 e6 2. d4 d5 3. e5 c5 4. c3 Qb6 5. Nf3 Bd7 6. Be2 Bb5 7. dxc5 Bxc5 8. b4 Be7 9. Be3 Bxe2 10. Qxe2 Qc7 11. O-O Nc6 12. Bd4 Nh6 13. Nbd2 Nf5 14. Nb3 O-O 15. Rfd1 a5 16. b5 a4 17. Nbd2 Na5 18. Qd3 Rfc8 19. Rab1 Nc4 20. Kf1 Ba3 21. Nxc4 Qxc4 22. Qxc4 Rxc4 23. Ke2 Rac8 24. Rd3 h5 25. Nd2 R4c7 26. Kd1 Nxd4 27. cxd4 Rc1+ 28. Ke2 Rxb1 29. Nxb1 Bb4 30. Kd1 f6 31. exf6 gxf6 32. Na3 Bxa3 33. Rxa3 Rc4 34. Rd3 Rb4 35. Kc2 Rxb5 36. Rh3 Rb4 37. Kc3 Rc4+ 38. Kd3 Rb4 39. Kc3 Rc4+ 40. Kd3 Rb4 41. Kc3 1/2-1/2


[Site "https://www.chess.com"]

[Event "Titled Tuesday Blitz January 10 Late 2023"]
[White "Kozak, Adam"]
[Black "Winterberg, Lukas"]
[WhiteFideId "753246"]
[BlackFideId "24622702"]
[WhiteElo "2572"]
[BlackElo "2402"]
[Result "1/2-1/2"]
[Round "03"]
[TimeControl "180+2"]
[Date "2023.01.10"]
[WhiteClock "0:00:01"]
[BlackClock "0:00:09"]

1. e4 e6 2. a3 d5 3. exd5 exd5 4. d4 Nf6 5. Nc3 Bd6 6. Bg5 c6 7. Qd2 O-O 8. Bd3 Re8+ 9. Nge2 Nbd7 10. f3 b5 11. O-O h6 12. Bh4 Qc7 13. Bg3 Nf8 14. Rae1 Bd7 15. Nd1 a5 16. Ne3 b4 17. a4 c5 18. Bxd6 Qxd6 19. b3 Ng6 20. Bxg6 fxg6 21. dxc5 Qxc5 22. Qd4 Rac8 23. Qxc5 Rxc5 24. Nd4 Kf7 25. Re2 Bf5 26. Rfe1 Bc8 27. Nd1 Rxe2 28. Rxe2 Bf5 29. Rd2 Bd7 30. Kf2 g5 31. Ne3 g4 32. Nd1 gxf3 33. gxf3 g5 34. Nb2 g4 35. Nd3 Rc3 36. Ke3 gxf3 37. Kxf3 Ne4 38. Rg2 Ng5+ 39. Ke3 Bh3 40. Rg3 Ke7 41. Kf4 Bd7 42. h4 Ne6+ 43. Nxe6 Bxe6 44. Rg2 Kd6 45. Rd2 Bg8 46. Ne5 Bh7 47. Nc4+ Kc5 48. Nxa5 Bxc2 49. Nb7+ Kc6 50. Nd8+ Kd6 51. a5 Bxb3 52. a6 Rc7 53. Nb7+ Ke6 54. a7 Rf7+ 55. Kg3 Rg7+ 56. Kh2 Rg8 57. Nc5+ Ke5 58. Nxb3 Ra8 59. Ra2 Kd6 60. Kg3 Kc6 61. Kf4 Kb6 62. Ke5 Rxa7 63. Rxa7 Kxa7 64. Kxd5 Kb6 65. Nd4 Kc7 66. Kc4 Kd6 67. Nf5+ Ke5 68. Nxh6 Kf4 69. Kxb4 Kg3 70. Nf5+ Kg4 1/2-1/2


[Site "https://www.chess.com"]

[Event "Titled Tuesday Blitz January 10 Late 2023"]
[White "Boros, Denes"]
[Black "Roberson, Peter T"]
[WhiteFideId "722340"]
[BlackFideId "412384"]
[WhiteElo "2406"]
[BlackElo "2430"]
[Result "1-0"]
[Round "03"]
[TimeControl "180+2"]
[Date "2023.01.10"]
[WhiteClock "0:02:22"]
[BlackClock "0:02:16"]

1. d4 Nf6 2. Nc3 d5 3. Nf3 Bf5 4. Ne5 e6 5. e3 Bd6 6. g4 Bxe5 7. gxf5 Bd6 8. fxe6 fxe6 9. Qf3 O-O 10. Qh3 Qe7 11. Bd3 Nc6 12. a3 e5 13. Nxd5 Nxd5 14. Bxh7+ Kf7 15. Qh5+ Ke6 16. Qg4+ 1-0


[Site "https://www.chess.com"]